Map: Ultralove

Players

ManlyManMeat - Winner!

  • Race: Zerg Zerg
  • League: Diamond
  • Spawn Location: 1:00

Rasputin

  • Race: Zerg Zerg
  • League: Diamond
  • Spawn Location: 7:00

VOD

Have the link to the VOD?

Description

Time

  • Played on: July 3, 2025, 6:05 p.m.
  • Length: 9:22
Show
View Real Time Build Order
Export as new Build Order

ManlyManMeat Zerg - Winner!

Build Orders: Hatch First 

Get SALT Encoding   

  12  0:00  Drone  
  13  0:08  Drone  
  14  0:17  Extractor  
  14  0:18  Drone  
  15  0:21  Overlord  
  15  0:41  Drone  
  16  0:46  Hatchery  
  15  0:50  Drone  
  15  0:54  Drone  
  17  0:57  Drone  
  18  1:08  Extractor  
  17  1:14  Spawning Pool  
  17  1:17  Drone  
  17  1:20  Drone  
  18  1:26  Drone  
  19  1:39  Drone  
  20  2:00  Queen x2  
  24  2:01  Zergling x4  
  24  2:03  Drone  
  27  2:14  Drone  
  28  2:18  Overlord  
  28  2:40  Hatchery  
  28  2:42  Drone x4  
  31  2:47  Drone x2  
  33  2:53  Drone  
  33  2:54  Drone  
  35  3:07  Overlord x2  
  35  3:08  Overlord  
  35  3:34  Drone x3, Roach Warren  
  35  3:37  Extractor  
  35  3:38  Drone x3  
  35  3:40  Evolution Chamber  
  36  3:47  Zergling x4  
  36  3:48  Zergling x8  
  42  3:51  Drone  
  43  4:00  Queen  
  45  4:14  Drone  
  45  4:15  Drone  
  47  4:17  Drone  
  47  4:18  Drone x3, Extractor  
  47  4:21  Lair  
  47  4:22  Zerg Missile Weapons Level 1  
  50  4:36  Drone, Evolution Chamber  
  49  4:39  Drone x2  
  49  4:40  Drone, Overlord x2  
  52  4:52  Overlord x2  
  52  4:53  Roach x3  
  58  5:03  Roach x6  
  70  5:16  Roach x3  
  75  5:27  Drone x2  
  75  5:28  Drone  
  78  5:29  Extractor  
  78  5:30  Glial Reconstitution  
  77  5:37  Drone x3, Extractor  
  79  5:51  Overlord x3  
  79  5:54  Roach  
  79  5:55  Overlord x3  
  81  6:01  Roach  
  81  6:15  Roach x10  
  101  6:24  Drone  
  101  6:25  Drone x5  
  107  6:30  Ravager  
  107  6:32  Ravager  
  109  6:33  Ravager  
  110  6:42  Drone x3  
  113  6:53  Ravager  
  113  6:54  Ravager  
  115  7:01  Zerg Ground Armor Level 1  
  115  7:06  Drone x3  
  115  7:07  Extractor  
  117  7:13  Roach x6  
  129  7:25  Overlord  
  129  7:26  Overlord x4  
  129  7:31  Overlord x3  
  129  7:32  Overlord x2  
  129  7:52  Roach x4  
  129  7:53  Roach x5  
  129  7:57  Hatchery  
  144  8:08  Roach x2  
  144  8:09  Roach x7  
  160  8:20  Roach x5  
  146  8:36  Roach x5  
  156  8:50  Ravager x4  
  156  8:51  Roach x4  
  168  8:57  Overlord  
Show
View Real Time Build Order
Export as new Build Order

Rasputin Zerg 

Build Orders: Hatch First 

Get SALT Encoding   

  12  0:00  Drone  
  13  0:12  Overlord  
  13  0:18  Drone  
  14  0:31  Drone x2  
  14  0:35  Drone  
  17  0:50  Hatchery  
  17  0:52  Drone  
  17  1:06  Spawning Pool  
  17  1:09  Drone  
  17  1:12  Drone  
  17  1:18  Drone  
  19  1:22  Extractor  
  18  1:28  Drone  
  19  1:41  Drone, Hatchery  
  19  1:50  Drone  
  20  1:55  Queen  
  22  2:06  Roach Warren  
  21  2:15  Queen  
  21  2:19  Drone  
  21  2:22  Drone  
  25  2:25  Drone  
  25  2:29  Zergling x2  
  27  2:32  Drone  
  28  2:48  Overlord x2  
  28  3:02  Roach  
  28  3:03  Roach x2  
  28  3:04  Overlord  
  34  3:09  Roach  
  34  3:10  Roach  
  34  3:12  Drone  
  39  3:16  Evolution Chamber  
  37  3:29  Roach  
  37  3:30  Drone, Roach x2  
  44  3:43  Zerg Missile Weapons Level 1  
  44  3:45  Drone  
  44  3:46  Drone x3  
  48  3:50  Drone  
  48  3:51  Extractor  
  48  3:59  Queen  
  48  4:02  Drone  
  51  4:04  Drone  
  51  4:07  Drone  
  53  4:12  Drone  
  53  4:13  Drone x2  
  56  4:17  Overlord  
  56  4:20  Drone  
  56  4:22  Drone  
  58  4:25  Overlord  
  58  4:49  Roach  
  58  4:50  Roach x4  
  58  4:51  Drone x4, Roach  
  74  4:56  Extractor  
  74  5:21  Drone  
  74  5:23  Overlord  
  74  5:34  Overlord x2  
  74  5:46  Drone x5  
  74  5:47  Drone x3  
  82  5:50  Zerg Ground Armor Level 1  
  82  5:52  Lair  
  82  5:54  Drone x3, Extractor  
  82  5:56  Roach x2  
  86  6:20  Drone x11  
  97  6:42  Drone x2, Extractor  
  97  6:43  Extractor  
  97  6:45  Drone  
  97  6:46  Overlord x4  
  98  6:53  Hydralisk Den  
  97  6:56  Drone  
  97  6:58  Overlord  
  98  7:05  Drone x2  
  98  7:06  Drone  
  101  7:27  Hydralisk  
  101  7:28  Hydralisk x13  
  129  7:32  Muscular Augments  
  129  7:35  Spine Crawler  
  126  7:52  Overlord x3  
  124  8:10  Queen  
  124  8:16  Hydralisk x5  
  124  8:17  Hydralisk x3  
  124  8:19  Overlord x2  
  138  8:20  Overlord  
  114  8:46  Hydralisk x9  
  130  8:57  Lurker Den  
Tags
 
Matchup
ZvZ
Race
Zerg
Replay Pack
Myownreplay2
Spawn Locations
Cross Positions
Add a new tag
Caveats
  • Supply blocks, unpowered buildings, or Contaminate may cause inaccurate times.
  • Supply counts are checked every 10 seconds.